 Dungeon Crawl Stone Soup version 0.32-a0-872-g59262bdc9b (webtiles) character file.

Game seed: 4264182445749650424

634835 jasper the Conqueror (level 27, 0/273 HPs)
             Began as a Mountain Dwarf Gladiator on Mar 30, 2024.
             Was the Champion of Makhleb.
             Shot with an arrow by a deep elf archer (12 damage)
             ... created by the fury of Okawaru
             ... in the Vestibule of Hell.
             The game lasted 01:54:41 (61848 turns).

jasper the Conqueror (Mountain Dwarf Gladiator)    Turns: 61848, Time: 01:54:42

Health: 0/273      AC: 41    Str: 29    XL:     27
Magic:  29/29      EV: 10    Int: 11    God:    Makhleb [******]
Gold:   3324       SH:  0    Dex: 11    Spells: 26/26 levels left

rFire   + + +        m - +8 executioner's axe (heavy)
rCold   + + +        (shield currently unavailable)
rNeg    + + +        d - +4 gold dragon scales
rPois   ∞            e - +0 hat {Will+}
rElec   .            j - +4 dragonskin cloak {Aegis}
rCorr   +            P - +3 pair of gloves of Death Resistance {Regen+ Slay+3}
SInv    +            g - +1 pair of boots {Fly}
Will    ++++.        T - amulet of regeneration Stlth
                     B - ring of Circularity {rC+ Slay+4}
HPRegen 2.25/turn    l - ring of Xom's Sleight of Hands {rF++ rCorr SInv}
MPRegen 0.21/turn

%: no passive effects
@: about to teleport, death-form, flying, studying 3 skills
A: vile attack, torment immunity, no potions, runic magic, artefact enchanting
}: 3/15 runes: barnacled, silver, gossamer
a: Siphon Essence, Begin Untransformation, Renounce Religion, Minor Destruction,
Lesser Servant of Makhleb, Major Destruction, Greater Servant of Makhleb


You were in the Vestibule of Hell.
You worshipped Makhleb.
Makhleb was exalted by your worship.
You were an undying horror.
You visited 12 branches of the dungeon, and saw 48 of its levels.
You visited 1 ziggurat, and saw 10 of its levels.
You also visited: Trove, Ossuary and Wizlab.

You collected 10854 gold pieces.
You spent 7530 gold pieces at shops.

Inventory:

Hand Weapons
 c - a +9 executioner's axe of flaming
 m - a +8 heavy executioner's axe (weapon)
 H - a +9 antimagic executioner's axe
Missiles
 t - 34 javelins
 u - 6 throwing nets
 w - 36 boomerangs (quivered)
 Q - 20 silver javelins
 W - 16 curare-tipped darts
Armour
 d - +4 gold dragon scales (worn)
 e - a +0 hat of willpower (worn)
 g - a +1 pair of boots of flying (worn)
 j - the +4 dragonskin cloak (worn) {Aegis}
   (You took it off Tiamat on level 1 of the Realm of Zot)

   Avatar's Aegis: It grants the wearer a chance to resist fire, cold, poison,
   electricity, acid, and negative energy.
 r - the +2 helmet of the Sky {Int+2 Slay+2}
   (You bought it in a shop on level 2 of the Orcish Mines)

   Int+2:     It affects your intelligence (+2).
   Slay+2:    It affects your accuracy & damage with ranged weapons and melee
   (+2).
 P - the +3 pair of gloves of Death Resistance (worn) {Regen+ Slay+3}
   (You bought it in a shop on level 12 of the Dungeon)

   Slay+3:    It affects your accuracy & damage with ranged weapons and melee
   (+3).
   Regen+:    It increases your rate of health regeneration.
Jewellery
 l - the ring of Xom's Sleight of Hands (right hand) {rF++ rCorr SInv}
   (You bought it in a shop on level 1 of the Elven Halls)

   [ring of see invisible]

   rF++:      It greatly protects you from fire.
   SInv:      It lets you see invisible.
   rCorr:     It protects you from acid and corrosion.
 y - an amulet of reflection
 B - the ring of Circularity (left hand) {rC+ Slay+4}
   (You found it on level 1 of the Vaults)

   [ring of slaying]

   Slay+4:    It affects your accuracy & damage with ranged weapons and melee
   (+4).
   rC+:       It protects you from cold.
 T - an amulet of regeneration (around neck)
Talismans
 O - a talisman of death (active)
Wands
 x - a wand of digging (14)
 K - a wand of paralysis (17)
 Z - a wand of light (51)
Scrolls
 a - 12 scrolls of revelation
 f - 2 scrolls of butterflies
 h - 8 scrolls of fog
 n - 10 scrolls of vulnerability
 q - 11 scrolls of teleportation
 D - 5 scrolls of silence
 E - 10 scrolls of noise
 F - 6 scrolls of fear
 M - 13 scrolls of blinking
 U - 12 scrolls of immolation
 X - 4 scrolls of torment
 Y - 6 scrolls of poison
Potions
 i - 5 potions of cancellation
 o - 10 potions of mutation
 p - 9 potions of attraction
 s - 12 potions of enlightenment
 v - 3 potions of invisibility
 z - 13 potions of ambrosia
 A - 22 potions of curing
 C - 2 potions of heal wounds
 G - 4 potions of magic
 I - 14 potions of haste
 J - 10 potions of might
 L - 3 potions of resistance
 N - 8 potions of lignification
 R - 3 potions of brilliance
 S - 4 potions of berserk rage
Miscellaneous
 b - a phial of floods
 k - a tin of tremorstones (2/2)


   Skills:
 O Level 27 Fighting
 - Level 24.0 Axes
 - Level 5.2 Throwing
 + Level 21.4 Armour
 - Level 12.0 Dodging
 - Level 8.0 Invocations
 - Level 23.0 Shapeshifting


You had 26 spell levels left.
You didn't know any spells.
Your spell library contained the following spells:

 Spells                   Type           Power      Damage    Failure   Level
 Apportation              Tloc           0%         N/A       52%         1
 Freeze                   Ice            0%         1d3       52%         1
 Kiss of Death            Conj/Necr      0%         2d5       52%         1
 Necrotise                Necr           0%         1d4       52%         1
 Sandblast                Erth           0%         2d4       52%         1
 Shock                    Conj/Air       0%         1d3       52%         1
 Sting                    Conj/Alch      0%         1d3       52%         1
 Call Imp                 Summ           0%         N/A       67%         2
 Cigotuvi's Dreadful Rot  Necr/Alch/Air  0%         N/A       67%         2
 Jinxbite                 Hex            0%         N/A       67%         2
 Lesser Beckoning         Tloc           0%         N/A       67%         2
 Mercury Vapours          Alch/Air       0%         N/A       67%         2
 Momentum Strike          Conj/Tloc      0%         3d8       67%         2
 Scorch                   Fire           0%         2d5       67%         2
 Static Discharge         Conj/Air       0%         3-3/arc   67%         2
 Sublimation of Blood     Necr           0%         N/A       67%         2
 Confusing Touch          Hex            0%         N/A       88%         3
 Frozen Ramparts          Ice            0%         1d1       88%         3
 Fugue of the Fallen      Necr           0%         N/A       88%         3
 Hailstorm                Conj/Ice       0%         3d5       88%         3
 Inner Flame              Hex/Fire       0%         N/A       88%         3
 Mephitic Cloud           Conj/Alch/Air  0%         N/A       88%         3
 Ozocubu's Armour         Ice            0%         N/A       88%         3
 Passwall                 Erth           0%         N/A       88%         3
 Stone Arrow              Conj/Erth      0%         3d7       88%         3
 Swiftness                Air            0%         N/A       88%         3
 Tukima's Dance           Hex            0%         N/A       88%         3
 Vampiric Draining        Necr           0%         2d6       88%         3
 Volatile Blastmotes      Fire/Tloc      0%         2d10      88%         3
 Airstrike                Air            0%         2d(0-16)  99%         4
 Animate Armour           Summ/Erth      0%         N/A       99%         4
 Animate Dead             Necr           0%         N/A       99%         4
 Dispel Undead            Necr           0%         3d6       99%         4
 Flame Wave               Conj/Fire      0%         2d4       99%         4
 Ignite Poison            Fire/Alch      0%         N/A       99%         4
 Iskenderun's Mystic Bla Conj/Tloc 0%             2d3        (+2d1     99%         4
 Leda's Liquefaction      Alch/Erth      0%         N/A       99%         4
 Martyr's Knell           Necr/Summ      0%         N/A       99%         4
 Olgreb's Toxic Radiance  Alch           0%         N/A       99%         4
 Passage of Golubria      Tloc           0%         N/A       99%         4
 Sticky Flame             Fire/Alch      0%         2d4       99%         4
 Alistair's Intoxication  Alch           0%         N/A       100%        5
 Arcjolt                  Conj/Air       0%         1d10      100%        5
 Borgnjor's Vile Clutch   Necr/Erth      0%         N/A       100%        5
 Curse of Agony           Necr           0%         N/A       100%        5
 Freezing Cloud           Conj/Ice/Air   0%         6-21      100%        5
 Irradiate                Conj/Alch      0%         3d11      100%        5
 Iskenderun's Battlesphe  Conj           0%         2d6       100%        5
 Metabolic Englaciation   Hex/Ice        0%         N/A       100%        5
 Silence                  Hex/Air        0%         N/A       100%        5
 Summon Forest            Summ/Tloc      0%         N/A       100%        5
 Yara's Violent Unravell  Hex/Alch       0%         3d3       100%        5
 Bombard                  Conj/Erth      0%         9d1       100%        6
 Conjure Ball Lightning   Conj/Air       0%         3x3d6     100%        6
 Death Channel            Necr           0%         N/A       100%        6
 Dispersal                Tloc           0%         N/A       100%        6
 Eringya's Noxious Bog    Alch           0%         4d6       100%        6
 Gell's Gavotte           Tloc           0%         2d(11-16) 100%        6
 Permafrost Eruption      Ice/Erth       0%         2x4d1     100%        6
 Plasma Beam              Fire/Air       0%         2x1d10    100%        6
 Summon Cactus Giant      Summ           0%         N/A       100%        6
 Malign Gateway           Summ/Tloc      0%         N/A       100%        7
 Manifold Assault         Tloc           0%         N/A       100%        7
 Spellforged Servitor     Conj/Summ      0%         N/A       100%        7
 Summon Hydra             Summ           0%         N/A       100%        7
 Discord                  Hex            0%         N/A       100%        8
 Disjunction              Tloc           0%         N/A       100%        8
 Lehudib's Crystal Spear  Conj/Erth      0%         10d2      100%        8
 Chain Lightning          Conj/Air       0%         N/A       100%        9
 Death's Door             Necr           0%         N/A       100%        9


Dungeon Overview and Level Annotations

Branches:
Dungeon (15/15)            Temple (1/1) D:4            Lair (5/5) D:8
 Shoals (4/4) Lair:2       Spider (4/4) Lair:2        Slime (0/5) Lair:4
    Orc (2/2) D:10            Elf (3/3) Orc:2        Vaults (5/5) D:14
  Crypt (3/3) Vaults:3       Tomb (0/3) Crypt:3      Depths (4/4) D:15
   Hell (1/1)                 Geh (0/7) Hell            Zot (1/5) Depths:4
Ossuary (visited)          WizLab (visited)
    Dis: Hell:1         Coc: Hell:1         Tar: Hell:1

Altars:
Ashenzari
Cheibriados
Dithmenos
Elyvilon
Fedhas
Gozag
Hepliaklqana
Kikubaaqudgha
Makhleb
Nemelex Xobeh
Okawaru
Qazlal
Ru
Sif Muna
Trog
Uskayaw
Vehumet
Wu Jian
Xom
Yredelemnul
Zin
The Shining One
Beogh
Jiyva

Shops:
D:12 [*?   Orc:2 :(*[   Elf:1 ?:=:   Elf:3 ?=**   Vaults:1 :   Vaults:4 =
Vaults:5 (

Portals:
Hell: Depths:1 Depths:2 Depths:3 Depths:4
Abyss: Depths:2 Depths:3 Depths:4
Pandemonium: Depths:2

Annotations:
D:12 2 transporters
Lair:4 3 runed translucent doors, 2 transporters, Dosunar's ghost, journeyman GnBe
Lair:5 2 transporters
Shoals:4 exclusion: 2 oklob plants
Depths:2 exclusion: oklob plant


Innate Abilities, Weirdness & Mutations

You are an undying horror.
Your melee and unarmed attacks drain, slow and weaken victims.
You are immune to unholy pain and torment.
You cannot drink.
You are immune to poison.
Your spellcasting is much less encumbered by armour.
You can use scrolls of enchantment on lesser artefacts.


Message History

Okawaru sends forces against you!
A green draconian, a fire giant, 6 elves and 2 stone giants come into view.
The fire giant is wielding a +0 great sword of flaming.
A deep elf pyromancer is wielding a +0 long sword of electrocution.
A deep elf knight is wielding a +2 long sword of holy wrath.
You take 23 damage, and have 51/273 hp.
You cannot drink potions in your current state!
Unknown command.
As you read the scroll of teleportation, it crumbles to dust.
You feel strangely unstable.
The deep elf pyromancer shouts!
The deep elf sorcerer shouts!
The deep elf knight shouts!
The iron golem hits you!
* * * LOW HITPOINT WARNING * * *
The iron golem hits you!
* * * LOW HITPOINT WARNING * * *
An iron golem comes into view.
The iron golem hits you but does no damage.
The iron golem closely misses you.
You take 17 damage, and have 34/273 hp.
You slash the iron golem!
The iron golem is almost destroyed.
You slash the iron golem!
You chop the green draconian into pieces!!!
The green draconian decays.
You carve the deep elf archer like a ham!!!
The deep elf archer decays.
You hear a deafening roar!
The iron golem hits you!!
* * * LOW HITPOINT WARNING * * *
The iron golem hits you.
* * * LOW HITPOINT WARNING * * *
The iron golem hits you but does no damage.
The iron golem barely misses you.
You take 25 damage, and have 9/273 hp.
Blink to where?
Press: ? - help, Dir - move target
As you read the scroll of blinking, it crumbles to dust.
The deep elf archer unwields a +0 short sword.
The deep elf archer wields a +0 shortbow.
The deep elf archer shoots an arrow.
The arrow hits you!
You die...

#.................##.........
#................##..........
##..............##...########
##............##...##.......
##.........^##...##.T.9....
##........##ee.##...#''
##......##.ed##T9.##
##.eCC§.C..# #z...e99e..#
############


You could see 2 iron golems, a green draconian (slow, weak, drained), a fire
giant, an iron troll, 2 stone giants, a deep elf sorcerer, a deep elf archer
(repels missiles, slow, weak, drained), 2 deep elf knights and 2 deep elf
pyromancers.

Vanquished Creatures
  Tiamat (Zot:1)
  A dread lich (Crypt:1)
  An ancient lich (Vaults:5)
  Xtahua (Vaults:3)
  A royal mummy (Crypt:3)
  Boris (Crypt:2)
  Geryon (Hell)
  6 golden dragons
  2 bone dragons (Depths:4)
  2 hellephants (Zig:8)
  A Cloud Mage (WizLab)
  An electric golem (Zot:1)
  2 Brimstone Fiends (Zig:8)
  Jorgrun (Shoals:3)
  Mlioglotl (Shoals:1)
  2 tentacled monstrosities
  An Ice Fiend (Zig:7)
  Asterion (Depths:1)
  5 liches
  Murray (Depths:1)
  6 quicksilver dragons
  8 deep elf blademasters
  2 searing wretches (Zig:8)
  5 deep elf master archers
  A walking divine tome (Depths:3)
  A sphinx (shapeshifter) (Zig:10)
  14 titans
  2 ancient champions (Crypt:3)
  Gastronok (Lair:2)
  10 sphinxes
  A kraken (Shoals:2)
  6 storm dragons
  4 tengu reavers
  2 death cobs (Zot:1)
  The ghost of Wagacrug the Thaumaturge, an adept DrIE of Ashenzari (Spider:4)
  3 shadow dragons
  The ghost of Taer the Severer, an adept CoFi of Wu Jian (Shoals:2)
  A protean progenitor (Zot:1)
  A draconian knight (Depths:4)
  8 revenants
  A draconian monk (Zot:1)
  2 narguns (Zig:7)
  17 vault wardens
  A fire giant (shapeshifter) (Zig:10)
  A draconian scorcher (Depths:4)
  Louise (Elf:1)
  8 deep elf sorcerers
  3 balrugs
  20 frost giants
  6 emperor scorpions
  17 fire giants
  6 ghost moths
  5 deep elf elementalists
  4 ghouls (Crypt:2)
  An iron dragon (Vaults:5)
  10 orc warlords
  3 draconian stormcallers
  3 reapers
  A formless jellyfish (Vaults:2)
  An angel (Depths:4)
  21 very ugly things
  16 ironbound preservers
  A broodmother (Spider:4)
  The ghost of Pixtaico the Unseen, an adept FeNe of Elyvilon (Vaults:2)
  28 stone giants
  The ghost of Zuruzy the Warrior, a journeyman MiBe of Trog (Elf:3)
  A putrid mouth (Depths:1)
  6 ironbound thunderhulks
  4 rockslime zombies
  4 black draconians
  4 white draconians
  7 deep elf demonologists
  6 green draconians
  10 vampire knights
  6 deep elf death magi
  3 wendigos (Zig:7)
  An eleionoma (shapeshifter) (Zig:10)
  A lorocyproca (Depths:2)
  5 deep elf annihilators
  12 dire elephants
  8 purple draconians
  3 yellow draconians
  2 red draconians (Zot:1)
  13 spark wasps
  5 war gargoyles
  Azrael (Spider:3)
  5 blizzard demons
  7 eidola
  6 jiangshi
  9 fire dragons
  2 mummy priests (Crypt:3)
  3 merfolk javelineers
  8 ettins
  8 merfolk impalers
  2 crystal guardians (Vaults:3)
  Josephine (Lair:3)
  6 deep elf high priests
  9 great orbs of eyes
  A spriggan zombie (Hell)
  Fannar (Lair:1)
  34 vault guards
  14 yaktaur captains
  A hell beast (Zig:10)
  4 ghost crabs (WizLab)
  A fenstrider witch zombie (Hell)
  3 rakshasas
  10 hydras
  10 ice dragons
  2 peacekeepers (Vaults:3)
  3 radroaches (Spider:1)
  5 spriggan air magi
  10 centaur warriors
  7 merfolk avatars
  3 ogre magi (Vaults:5)
  7 boulder beetles
  A salamander tyrant (Zig:3)
  4 death knights
  A spriggan skeleton (Crypt:1)
  An alligator snapping turtle (Shoals:4)
  7 ironbound frosthearts
  A jorogumo (Spider:1)
  31 dancing weapons
  A fenstrider witch skeleton (Crypt:2)
  8 deep troll shamans
  2 merfolk aquamancers (Shoals:4)
  4 death yaks (Lair:5)
  5 two-headed ogres
  4 tengu warriors
  14 hell hogs
  9 orc high priests
  2 vampire magi
  4 satyrs
  9 deep troll earth magi
  A naga warrior (Zig:3)
  7 demonic crawlers
  6 shock serpents (WizLab)
  3 occultists
  28 deep elf knights
  5 spriggan berserkers
  A spriggan (Depths:3)
  Nergalle (D:10)
  5 skysharks
  10 sun demons
  12 soul eaters
  7 hell knights
  25 skeletal warriors
  An iron giant zombie (Crypt:1)
  A sixfirhy (Depths:2)
  A titan skeleton (Zig:2)
  3 shadow wraiths (Crypt:3)
  A bunyip zombie (Hell)
  6 arcanists
  4 pharaoh ants
  2 death drakes (WizLab)
  A deep troll (shapeshifter) (Vaults:5)
  10 iron trolls
  A salamander mystic (Depths:4)
  10 orb spiders
  A mana viper (shapeshifter) (Vaults:1)
  A sun moth (Spider:3)
  11 sea snakes
  11 bog bodies
  8 glowing orange brains
  18 phantasmal warriors
  6 flayed ghosts
  17 deep elf archers
  53 deep trolls
  A swamp dragon (Lair:5)
  A glowing orange brain (shapeshifter) (D:15)
  A shadow demon (Depths:2)
  6 lindwurms
  An obsidian statue (Elf:3)
  22 ironbound convokers
  33 deep elf pyromancers
  4 obsidian bats
  25 orc knights
  15 harpies
  18 wolf spiders
  9 thermic dynamos
  8 steelbarb worms
  A bunyip skeleton (Crypt:2)
  2 tengu skeletons
  34 deep elf zephyrmancers
  12 necromancers
  44 ugly things
  8 orc sorcerers
  An elf skeleton (Vaults:1)
  3 salamanders (Depths:4)
  An eleionoma zombie (Crypt:3)
  19 cyclopes
  A stone giant zombie (Hell)
  2 iron dragon skeletons (Crypt:2)
  3 large abominations (Depths:3)
  A meliai (D:13)
  A manticore (shapeshifter) (D:14)
  21 fauns
  8 merfolk sirens
  13 manticores
  2 rust devils (Hell)
  A meliai (shapeshifter) (Zig:10)
  4 moths of wrath
  5 kobold blastminers
  5 black mambas
  4 apocalypse crabs
  A stone giant skeleton (Vaults:1)
  21 vault sentinels
  A guardian serpent (Zig:1)
  3 molten gargoyles
  9 elephants
  A green draconian zombie (Crypt:2)
  3 torpor snails
  12 smoke demons
  An alligator snapping turtle zombie (Crypt:2)
  An eye of devastation (Lair:3)
  2 naga magi
  3 water nymphs
  2 gargoyles
  2 unseen horrors
  2 yaktaur zombies
  3 kobold demonologists
  4 cane toads
  A titan simulacrum (Vaults:4)
  An unseen horror (shapeshifter) (Elf:2)
  2 hellions
  8 freezing wraiths
  An efreet (D:14)
  A tormentor (Zig:7)
  11 komodo dragons
  41 yaktaurs
  33 merfolk
  2 rime drakes (Lair:5)
  27 guardian mummies
  A harpy zombie (Crypt:2)
  2 tengu conjurers
  A human skeleton (Vaults:2)
  An ice devil (Hell)
  7 wind drakes
  8 trolls
  A hydra zombie (Crypt:1)
  Prince Ribbit (D:6)
  19 tarantellas
  2 polar bears
  8 hornets
  2 harpy skeletons (Hell)
  A meliai zombie (Crypt:2)
  A glass eye (Lair:3)
  6 snapping turtles
  A blink frog (shapeshifter) (D:14)
  27 jumping spiders
  2 human simulacra
  15 blink frogs
  13 dream sheep
  A snapping turtle (shapeshifter) (Depths:1)
  32 slime creatures
  A shadow (D:11)
  6 water elementals
  15 air elementals
  2 centaur simulacra
  22 culicivoras
  A spriggan (shapeshifter) (Zig:5)
  A vampire (D:11)
  12 wraiths
  12 ushabtiu (Crypt:3)
  3 wyverns
  51 yaks
  10 wargs
  9 fire elementals
  5 basilisks
  4 steam dragons
  31 redbacks
  A yaktaur simulacrum (Vaults:3)
  17 vampire mosquitoes
  A harpy simulacrum (Hell)
  4 swamp worms (Lair:2)
  4 chaos spawn
  A glowing shapeshifter zombie (Vaults:4)
  A swamp worm (shapeshifter) (Vaults:5)
  A two-headed ogre zombie (Crypt:1)
  17 water moccasins
  A naga skeleton (Crypt:1)
  A naga zombie (Crypt:2)
  A two-headed ogre skeleton (Crypt:1)
  2 hell hounds (Spider:3)
  A merfolk skeleton (Crypt:2)
  A fire bat skeleton (Crypt:3)
  47 orc warriors
  2 sky beasts
  2 ice beasts
  27 laughing skulls
  A black bear (D:7)
  4 swamp drakes (Lair:5)
  8 small abominations (Depths:3)
  4 centaurs
  A tengu (shapeshifter) (D:14)
  9 ogres
  30 wolves
  A phantom (D:4)
  A swamp dragon skeleton (Crypt:3)
  An elephant skeleton (Crypt:2)
  A hog skeleton (Crypt:3)
  3 kobold brigands (D:10)
  12 bullfrogs
  4 elf zombies
  A naga simulacrum (Crypt:1)
  3 gnoll sergeants
  A demonspawn simulacrum (Hell)
  3 scorpions
  5 earth elementals
  34 killer bees
  A raiju skeleton (Crypt:1)
  4 electric eels
  3 howler monkeys (D:8)
  9 centaur zombies
  2 hounds (D:6)
  A wolf skeleton (Crypt:1)
  3 human zombies
  A centaur skeleton (Crypt:1)
  18 orc priests
  3 jellies
  A sleepcap (D:6)
  A gnoll bouda (D:8)
  9 iguanas
  30 orc wizards
  14 hell rats
  A killer bee zombie (Crypt:2)
  A crocodile skeleton (Crypt:3)
  2 deep dwarf skeletons
  13 mummies
  Robin (D:2)
  17 gnolls
  5 adders
  A steam dragon skeleton (Crypt:1)
  A shadow imp (D:7)
  2 ufetubi (D:5)
  3 dart slugs
  2 ribbon worms
  65 orcs
  6 bats
  2 endoplasms (D:1)
  13 goblins
  12 hobgoblins
  3 jackals (D:1)
  16 kobolds
  6 quokkas
  A river rat zombie (Crypt:1)
  9 ball pythons
  4 frilled lizards
  3 rats
  3 spectral weapons (Depths:1)
  6 tentacles (Shoals:2)
2393 creatures vanquished.

Vanquished Creatures (others)
  A titan (Vaults:5)
  A deep elf death mage (Vaults:5)
  A spark wasp (WizLab)
  A hydra (D:13)
  A dancing weapon (Elf:2)
  3 deep elf pyromancers
  A deep elf zephyrmancer (Elf:1)
  A manticore (Shoals:4)
  A jumping spider (Spider:4)
  An orc (Orc:2)
  An aspiring flesh (Zot:1)
  3 tentacles (Shoals:2)
16 creatures vanquished.

Grand Total: 2409 creatures vanquished

Notes
Turn   | Place    | Note
-------+----------+-------------------------------------------
     0 | D:1      | jasper the Mountain Dwarf Gladiator began the quest for the
                  | Orb.
     0 | D:1      | Reached XP level 1. HP: 17/17 MP: 1/1
   158 | D:1      | Reached XP level 2. HP: 17/24 MP: 2/2
   403 | D:1      | Reached skill level 5 in Axes
   566 | D:1      | Found a faded altar of an unknown god.
   741 | D:2      | Reached XP level 3. HP: 29/29 MP: 3/3
  1014 | D:2      | Noticed Robin
  1033 | D:2      | Killed Robin
  1034 | D:2      | Reached XP level 4. HP: 9/36 MP: 4/4
  2132 | D:4      | Found a staircase to the Ecumenical Temple.
  2141 | Temple   | Entered the Ecumenical Temple
  2157 | D:4      | Reached XP level 5. HP: 25/41 MP: 5/5
  2398 | D:4      | Noticed a phantom
  2421 | D:4      | Killed a phantom
  2422 | D:4      | Reached XP level 6. HP: 37/48 MP: 6/6
  3041 | D:4      | Found a bloodstained altar of Trog.
  3146 | D:5      | Entered Level 5 of the Dungeon
  3224 | D:5      | Reached XP level 7. HP: 35/55 MP: 7/7
  3449 | D:5      | Reached skill level 10 in Axes
  4087 | D:5      | Identified the +1 scale mail of Intercession {rElec}
  4292 | D:6      | Noticed Prince Ribbit
  4324 | D:6      | Killed Prince Ribbit
  4325 | D:6      | Reached XP level 8. HP: 14/61 MP: 8/8
  4514 | D:6      | Found an iron altar of Okawaru.
  4525 | D:6      | Became a worshipper of Warmaster Okawaru
  4571 | D:6      | Noticed a troll
  4580 | D:6      | Killed a troll
  4671 | D:6      | Reached * piety under Okawaru
  4985 | D:6      | Identified a scroll of acquirement
  4985 | D:6      | Acquired 1184 gold pieces
  5150 | D:7      | Reached skill level 1 in Armour
  5159 | D:7      | Reached XP level 9. HP: 47/68 MP: 9/9
  5164 | D:7      | Reached skill level 3 in Fighting
  5397 | D:7      | Found a sand-covered staircase.
  5703 | Ossuary  | Entered an ossuary
  5740 | Ossuary  | Reached skill level 4 in Fighting
  5975 | Ossuary  | Reached ** piety under Okawaru
  6399 | D:7      | Reached skill level 5 in Fighting
  6726 | D:8      | Noticed a two-headed ogre
  6741 | D:8      | Reached skill level 5 in Armour
  6747 | D:8      | Killed a two-headed ogre
  6747 | D:8      | Reached *** piety under Okawaru
  6748 | D:8      | Reached skill level 6 in Fighting
  6748 | D:8      | Reached XP level 10. HP: 54/83 MP: 7/10
  6969 | D:8      | Found a staircase to the Lair.
  7001 | D:8      | Found a glowing silver altar of Zin.
  7255 | D:8      | Found a blossoming altar of Fedhas.
  8110 | D:8      | Reached skill level 7 in Fighting
  8347 | D:9      | Reached skill level 5 in Dodging
  8389 | D:9      | Found an opulent altar of Gozag.
  8394 | D:9      | Reached **** piety under Okawaru
  8793 | D:9      | Reached skill level 1 in Invocations
  8942 | D:10     | Entered Level 10 of the Dungeon
  8942 | D:10     | Found a staircase to the Orcish Mines.
  9057 | D:10     | Noticed a gargoyle
  9196 | D:10     | Killed a gargoyle
  9290 | D:10     | Noticed Nergalle
  9321 | D:10     | HP: 4/80 [spectral orc knight/+0 halberd[Nergalle] (11)]
  9611 | Lair:1   | Entered Level 1 of the Lair of Beasts
  9636 | D:8      | Reached skill level 5 in Invocations
  9768 | D:8      | Reached XP level 11. HP: 63/94 MP: 11/14
 10091 | Lair:1   | Noticed Fannar
 10110 | Lair:1   | Killed Fannar
 10160 | Lair:1   | Reached skill level 15 in Axes
 10183 | Lair:1   | Reached ***** piety under Okawaru
 10805 | Lair:1   | Received a gift from Okawaru
 11111 | Lair:1   | HP: 4/94 [blink frog (7)]
 11647 | Lair:1   | Received a gift from Okawaru
 11895 | Lair:2   | Reached skill level 5 in Throwing
 11897 | Lair:2   | Reached skill level 8 in Fighting
 11897 | Lair:2   | Reached XP level 12. HP: 75/101 MP: 10/18
 11974 | Lair:2   | Noticed Gastronok
 12003 | Lair:2   | Killed Gastronok
 12003 | Lair:2   | Received a gift from Okawaru
 12004 | Lair:2   | Reached skill level 9 in Fighting
 12169 | Lair:2   | Found a staircase to the Shoals.
 12196 | Lair:2   | Reached skill level 12 in Fighting
 12196 | Lair:2   | Reached XP level 13. HP: 119/119 MP: 19/19
 12599 | Lair:2   | Found a hole to the Spider Nest.
 13327 | Lair:3   | Noticed Josephine
 13361 | Lair:3   | Killed Josephine
 14063 | Lair:3   | Received a gift from Okawaru
 14444 | Lair:4   | Found a viscous altar of Jiyva.
 14573 | Lair:4   | Found a staircase to the Slime Pits.
 14587 | Lair:3   | Reached skill level 13 in Fighting
 15234 | Lair:4   | Found a runed translucent gate.
 15234 | Lair:4   | Found a runed translucent gate.
 15234 | Lair:4   | Found a viscous altar of Jiyva.
 15234 | Lair:4   | Found a runed translucent gate.
 15234 | Lair:4   | Noticed an acid blob
 15234 | Lair:4   | Noticed an azure jelly
 15234 | Lair:4   | Noticed a rockslime
 15234 | Lair:4   | Noticed an azure jelly
 15234 | Lair:4   | Noticed an azure jelly
 15234 | Lair:4   | Noticed an acid blob
 15234 | Lair:4   | Noticed an acid blob
 15234 | Lair:4   | Noticed Dosunar's ghost (journeyman GnBe)
 15234 | Lair:4   | Noticed a quicksilver ooze
 15234 | Lair:4   | Noticed an azure jelly
 15234 | Lair:4   | Noticed an acid blob
 15234 | Lair:4   | Noticed an azure jelly
 15234 | Lair:4   | Noticed an azure jelly
 15234 | Lair:4   | Noticed an acid blob
 15234 | Lair:4   | Noticed an acid blob
 15234 | Lair:4   | Noticed an acid blob
 15234 | Lair:4   | Noticed an acid blob
 15236 | Lair:4   | Noticed an azure jelly
 15236 | Lair:4   | Noticed an azure jelly
 15412 | Lair:4   | Reached skill level 10 in Armour
 15802 | Lair:4   | Found a transporter.
 15869 | Lair:4   | Found a transporter.
 15952 | Lair:5   | Entered Level 5 of the Lair of Beasts
 15957 | Lair:4   | Received a gift from Okawaru
 16085 | Lair:5   | Reached XP level 14. HP: 103/129 MP: 20/20
 16438 | Lair:5   | Found a transporter.
 16765 | Lair:5   | Reached skill level 14 in Fighting
 17300 | Lair:5   | Received a gift from Okawaru
 18069 | Lair:5   | Identified the +8 chain mail "Joabafy" {Regen+ Int+7
                  | Stlth-}
 18143 | Lair:5   | Found a transporter.
 18153 | Lair:5   | Found a bloodstained altar of Trog.
 18551 | Orc:1    | Entered Level 1 of the Orcish Mines
 18553 | Orc:1    | Noticed an orc warlord
 18687 | D:10     | Identified the +9 dagger of a ziggurat {drain, rF+ Int+3
                  | SInv}
 18845 | D:10     | Killed Nergalle
 18924 | D:10     | Found a radiant altar of Vehumet.
 19189 | D:10     | Killed an orc warlord
 19341 | D:11     | Found a hide-covered altar of Uskayaw.
 19564 | D:11     | Identified the +0 plate armour "Lisi" {^Drain Fly rElec}
 19728 | D:11     | Identified the amulet of Temptation {Faith Str+3 Dex+5}
 19770 | D:11     | Found a portal to a secret trove of treasure.
 20072 | Orc:1    | Received a gift from Okawaru
 20398 | Orc:2    | Entered Level 2 of the Orcish Mines
 20426 | Orc:2    | Reached skill level 15 in Fighting
 20533 | Orc:2    | Noticed an orc warlord
 20548 | Orc:1    | Received a gift from Okawaru
 20670 | Orc:2    | Found a staircase to the Elven Halls.
 20961 | Orc:2    | Reached XP level 15. HP: 125/140 MP: 21/21
 21440 | Orc:2    | Found a roughly hewn altar of Beogh.
 21551 | Orc:2    | Found Kirchucoll's Antique Armour Shop.
 21552 | Orc:2    | Found Hyiweta's Antique Weapon Shop.
 21554 | Orc:2    | Found Lyemul's General Store.
 21554 | Orc:2    | Found Sitriuf's Book Boutique.
 21559 | Orc:2    | Bought a scroll of teleportation for 45 gold pieces
 21559 | Orc:2    | Bought a potion of enlightenment for 75 gold pieces
 21569 | Orc:2    | Bought a crude helmet for 256 gold pieces
 21569 | Orc:2    | Identified the +2 helmet of the Sky {Int+2 Slay+2} (You
                  | bought it in a shop on level 2 of the Orcish Mines)
 21582 | Orc:2    | Bought a transparent plate armour for 756 gold pieces
 21582 | Orc:2    | Identified the +5 plate armour of the Eternal Void {Int+3
                  | Stlth+} (You bought it in a shop on level 2 of the Orcish
                  | Mines)
 22322 | D:12     | Found a transporter.
 22322 | D:12     | Found Seosseq's Assorted Antiques.
 22343 | D:12     | Found Vuneiw's Magic Scroll Shop.
 22346 | D:12     | Bought a scroll of acquirement for 676 gold pieces
 22346 | D:12     | Bought a scroll of teleportation for 39 gold pieces
 22346 | D:12     | Bought a scroll of noise for 13 gold pieces
 22346 | D:12     | Bought 3 scrolls of revelation for 292 gold pieces
 22346 | D:12     | Bought a scroll of poison for 52 gold pieces
 22346 | D:12     | Bought a scroll of blinking for 97 gold pieces
 22346 | D:12     | Acquired a +5 executioner's axe of flaming
 22449 | D:12     | Found a transporter.
 22601 | D:12     | Found Ituyppam's Antique Armour Boutique.
 22604 | D:12     | Bought a pair of dazzling gloves for 247 gold pieces
 22604 | D:12     | Identified the +3 pair of gloves of Death Resistance
                  | {Regen+ Slay+3} (You bought it in a shop on level 12 of the
                  | Dungeon)
 22835 | D:13     | Received a gift from Okawaru
 23275 | D:13     | Got the Cyclopedia of Dismal Topology
 24217 | D:14     | Identified the +4 whip of Watchfulness {speed, rN++}
 24269 | D:14     | Found a gate to the Vaults.
 24280 | D:14     | Received a gift from Okawaru
 24939 | D:15     | Entered Level 15 of the Dungeon
 25062 | D:15     | Reached ****** piety under Okawaru
 25088 | D:15     | Acquired a +3 antimagic executioner's axe
 25088 | D:15     | Received a gift from Okawaru
 25089 | D:15     | Acquired a +1 crystal plate armour
 25089 | D:15     | Received a gift from Okawaru
 25131 | D:15     | Received a gift from Okawaru
 25206 | D:15     | Reached skill level 16 in Fighting
 25246 | D:15     | Reached XP level 16. HP: 131/148 MP: 22/22
 25498 | D:15     | Found a staircase to the Depths.
 25938 | Shoals:1 | Entered Level 1 of the Shoals
 25947 | Shoals:1 | Received a gift from Okawaru
 26179 | Shoals:1 | Noticed a titan
 26309 | Shoals:1 | Killed a titan
 26322 | Shoals:1 | Got the Vademecum on the Shot and the Serac
 26505 | Shoals:1 | Noticed Mlioglotl
 26523 | Shoals:1 | Killed Mlioglotl
 26680 | Shoals:1 | Received a gift from Okawaru
 27133 | Shoals:2 | Noticed a kraken
 27151 | Shoals:2 | Killed a kraken
 27493 | Shoals:2 | Received a gift from Okawaru
 27755 | Shoals:2 | Found a runed translucent door.
 27757 | Shoals:2 | Noticed Taer's ghost (adept CoFi)
 27789 | Shoals:2 | Killed Taer's ghost
 28072 | Shoals:3 | Received a gift from Okawaru
 28689 | Shoals:3 | Reached skill level 17 in Fighting
 28796 | Shoals:3 | Noticed Jorgrun
 28869 | Shoals:3 | Identified the +6 trident of Van Qipe {drain, rN+ Str+4}
 28976 | Shoals:3 | Received a gift from Okawaru
 29066 | Shoals:3 | Killed Jorgrun
 29067 | Shoals:3 | Reached XP level 17. HP: 148/161 MP: 23/23
 29412 | Shoals:4 | Entered Level 4 of the Shoals
 29546 | Shoals:4 | Reached skill level 15 in Armour
 29742 | Shoals:4 | Received a gift from Okawaru
 30241 | Shoals:4 | Got a barnacled rune of Zot
 30257 | Shoals:4 | Got the Vellum of Gritty Vapour
 30569 | Shoals:4 | Identified the ring "Dosega Bikym" {Fly rCorr Str+5 Slay-5}
 31028 | Vaults:1 | Entered Level 1 of the Vaults
 31162 | Vaults:1 | Reached skill level 18 in Fighting
 31477 | Vaults:1 | Received a gift from Okawaru
 31595 | Vaults:1 | Found Joudeg's Book Shop.
 31916 | Vaults:1 | Received a gift from Okawaru
 32029 | Vaults:1 | Noticed a sphinx
 32042 | Vaults:1 | Reached XP level 18. HP: 109/173 MP: 18/24
 32106 | Vaults:1 | Identified the +4 dagger of Vafamecu {holy, rF+ rC+ Int+3}
 32107 | Vaults:1 | Identified the +12 whip "Woum Eff" {heavy, rElec Int+5
                  | Dex+6}
 32122 | Vaults:1 | Identified the +1 buckler of Devotion {rElec Will+ Int+4}
 32123 | Vaults:1 | Identified the ring of Circularity {rC+ Slay+4}
 32522 | Vaults:2 | Received a gift from Okawaru
 32851 | Vaults:2 | Identified the +2 plate armour of Greater Demons {rN++
                  | Int+3}
 32865 | Vaults:2 | Reached skill level 19 in Fighting
 32916 | Vaults:2 | Paralysed by a formless jellyfish for 1 turns
 32919 | Vaults:2 | Paralysed by a formless jellyfish for 1 turns
 32992 | Vaults:2 | Found a runed translucent gate.
 32993 | Vaults:2 | Noticed Pixtaico's ghost (adept FeNe)
 32994 | Vaults:2 | Found a runed translucent gate.
 32995 | Vaults:2 | Found a runed translucent gate.
 33047 | Vaults:2 | Received a gift from Okawaru
 33657 | Vaults:2 | Found a roughly hewn altar of Beogh.
 33678 | Vaults:2 | Killed Pixtaico's ghost
 34006 | Vaults:3 | Received a gift from Okawaru
 34011 | Vaults:3 | Reached skill level 20 in Fighting
 34016 | Vaults:3 | Reached XP level 19. HP: 117/185 MP: 20/25
 34379 | Vaults:3 | You fall into a shaft and drop 1 floor!
 34437 | Vaults:4 | Reached skill level 10 in Dodging
 34667 | Vaults:3 | Received a gift from Okawaru
 34837 | Vaults:3 | Noticed Xtahua
 34844 | Vaults:3 | Paralysed by Xtahua for 5 turns
 34853 | Vaults:3 | Killed Xtahua
 34854 | Vaults:3 | Reached skill level 21 in Fighting
 35235 | Vaults:3 | Found a staircase to the Crypt.
 35619 | Vaults:3 | Paralysed by a sphinx for 2 turns
 35964 | Vaults:4 | Received a gift from Okawaru
 36081 | Vaults:4 | Identified the +0 plate armour of the Dice {+Inv rF++ rN+
                  | Str-3}
 36371 | Vaults:4 | Found Ututilob's Jewellery Boutique.
 36467 | Vaults:4 | Received a gift from Okawaru
 36694 | Vaults:5 | Entered Level 5 of the Vaults
 36708 | Vaults:4 | Reached XP level 20. HP: 187/200 MP: 26/26
 36719 | Vaults:4 | Reached skill level 22 in Fighting
 36852 | Vaults:5 | Received a gift from Okawaru
 37038 | Vaults:5 | Found the +3 giant club "Skullcrusher" {speed, Str+7}
 37187 | Vaults:5 | Noticed a golden dragon
 37189 | Vaults:5 | Received a gift from Okawaru
 37189 | Vaults:5 | Paralysed by an ogre mage for 3 turns
 37521 | Vaults:5 | Identified the +9 falchion of Anxiety {holy, rC+ Str+4}
 37585 | Vaults:5 | Killed a golden dragon
 37586 | Vaults:5 | Received a gift from Okawaru
 37587 | Vaults:5 | Reached skill level 23 in Fighting
 37604 | Vaults:4 | HP: 1/202 [stone giant (23)]
 38201 | Vaults:5 | Got a silver rune of Zot
 38233 | Vaults:5 | Identified the +4 ring mail "Ebluipp" {Regen+ Str+3 Int-4}
 38268 | Vaults:5 | Received a gift from Okawaru
 38317 | Vaults:5 | Found Asud's Antique Weapon Shoppe.
 38322 | Vaults:5 | Identified the +0 chain mail of Action {rC+ Will+ Dex+3
                  | SInv}
 38618 | Vaults:5 | Identified the +0 robe of Beogh's Outrage {Harm rF- SInv
                  | Archmagi}
 38739 | Vaults:5 | Noticed an ancient lich
 38748 | Vaults:5 | Killed an ancient lich
 38859 | Vaults:5 | Received a gift from Okawaru
 38860 | Vaults:5 | Reached XP level 21. HP: 190/213 MP: 27/27
 39324 | Elf:1    | Entered Level 1 of the Elven Halls
 39516 | D:11     | You paid a toll of 14 scrolls of teleportation to enter a
                  | treasure trove
 39517 | Trove    | Entered a treasure trove
 39536 | Trove    | Got Sif Muna's Thoughts on Mutagenic Exhalation
 39542 | Trove    | Got Sif Muna's Cyclopedia of the Fault and Superposition
 39554 | Trove    | Reached skill level 24 in Fighting
 39554 | Trove    | Reached XP level 22. HP: 223/223 MP: 28/28
 39566 | Trove    | Identified the ring of Odghikk {rPois rF- rCorr Int+6
                  | Slay-5}
 39950 | Elf:1    | Found Leiryi's Magic Scroll Shop.
 39951 | Elf:1    | Noticed Louise
 39965 | Elf:1    | Killed Louise
 39997 | Elf:1    | Bought a scroll of teleportation for 42 gold pieces
 39997 | Elf:1    | Bought a scroll of vulnerability for 56 gold pieces
 39997 | Elf:1    | Bought a scroll of blinking for 105 gold pieces
 39997 | Elf:1    | Bought a scroll of vulnerability for 56 gold pieces
 40333 | Elf:1    | Found Riuf's Jewellery Emporium.
 40334 | Elf:1    | Found Tanwefa's Book Shop.
 40334 | Elf:1    | Found Sovir's Book Shop.
 40342 | Elf:1    | Bought the ring of Xom's Sleight of Hands {rF++ rCorr SInv}
                  | for 721 gold pieces
 40342 | Elf:1    | Bought a talisman of death for 1280 gold pieces
 40342 | Elf:1    | Bought the amulet of Wuit {rPois RegenMP+ Dex+4} for 793
                  | gold pieces
 40783 | Elf:2    | Reached skill level 1 in Shapeshifting
 40786 | Elf:2    | Paralysed by an air elemental for 1 turns
 41015 | Spider:1 | Entered Level 1 of the Spider Nest
 41200 | Spider:1 | Identified the +7 dagger "Dotihuuh" {flame, rPois Will-
                  | rCorr Stlth+}
 41826 | Spider:1 | Reached skill level 25 in Fighting
 42384 | Spider:2 | Received a gift from Okawaru
 43066 | Spider:3 | Noticed Azrael
 43075 | Spider:3 | Killed Azrael
 43644 | Spider:4 | Entered Level 4 of the Spider Nest
 43758 | Spider:4 | Found a large runed translucent door.
 43761 | Spider:4 | Found a large runed translucent door.
 43762 | Spider:4 | Noticed Wagacrug's ghost (adept DrIE)
 43817 | Spider:4 | Received a gift from Okawaru
 44002 | Spider:4 | Reached skill level 26 in Fighting
 44033 | Spider:4 | Killed Wagacrug's ghost
 44734 | Spider:4 | Received a gift from Okawaru
 44742 | Spider:4 | Identified the +0 hat of Ziffiuta {Fly rElec Will-}
 44780 | Spider:4 | Got a gossamer rune of Zot
 45135 | Depths:1 | Entered Level 1 of the Depths
 45372 | Depths:1 | Noticed Asterion
 45390 | Depths:1 | Killed Asterion
 45424 | Depths:1 | Reached skill level 27 in Fighting
 45434 | Depths:1 | Reached XP level 23. HP: 223/240 MP: 29/29
 45462 | Depths:1 | Reached skill level 5 in Shapeshifting
 45481 | Depths:1 | Received a gift from Okawaru
 46155 | Depths:1 | Found a gateway to Hell.
 46217 | Depths:1 | Reached skill level 10 in Shapeshifting
 46384 | Depths:1 | Received a gift from Okawaru
 46714 | Depths:2 | Found a one-way gate leading to the halls of Pandemonium.
 46715 | Depths:2 | Acquired 1124 gold pieces
 46753 | Depths:2 | Found a one-way gate to the infinite horrors of the Abyss.
 47592 | Depths:2 | Received a gift from Okawaru
 48307 | Depths:3 | Received a gift from Okawaru
 48810 | Depths:4 | Entered Level 4 of the Depths
 49127 | Depths:4 | Reached XP level 24. HP: 232/249 MP: 29/29
 49243 | Depths:4 | Found a one-way gateway to a ziggurat.
 49275 | Depths:4 | Found a gate to the Realm of Zot.
 49507 | Depths:4 | Found a broken altar of Ashenzari.
 49597 | Depths:4 | Received a gift from Okawaru
 49895 | Zig:1    | Entered Level 1 of a ziggurat
 49916 | Zig:2    | Entered Level 2 of a ziggurat
 49938 | Zig:3    | Entered Level 3 of a ziggurat
 49955 | Zig:3    | Identified the +1 pair of gloves of Free Will {rF+ Regen+}
 49994 | Zig:4    | Entered Level 4 of a ziggurat
 50011 | Zig:4    | Reached skill level 15 in Shapeshifting
 50130 | Zig:5    | Entered Level 5 of a ziggurat
 50154 | Zig:5    | Got Sif Muna's Almanac of Roasted Displacement
 50157 | Zig:5    | Identified the +10 spear "Hagiony" {freeze, Dex+2}
 50274 | Zig:6    | Entered Level 6 of a ziggurat
 50310 | Zig:6    | Identified the +8 quarterstaff of Tiokev {freeze, Int+2}
 50320 | Zig:7    | Entered Level 7 of a ziggurat
 50364 | Zig:7    | Identified the staff "Piuxt" {Will+ Conj Earth}
 50373 | Zig:7    | Reached XP level 25. HP: 177/257 MP: 29/29
 50415 | Zig:8    | Entered Level 8 of a ziggurat
 50424 | Zig:8    | Found the +5 scythe "Finisher" {speed, execute}
 50527 | Zig:9    | Entered Level 9 of a ziggurat
 50558 | Zig:9    | Received a gift from Okawaru
 50568 | Zig:9    | Identified the amulet of Kaosehuo {Spirit +Blink}
 50579 | Zig:9    | Got Bequo's Parchment of Forceful Projection
 50606 | Zig:10   | Entered Level 10 of a ziggurat
 50615 | Zig:10   | Noticed a Killer Klown
 50616 | Zig:10   | Noticed Atyigium the pandemonium lord
 51215 | Elf:2    | Found a runed translucent gate.
 51215 | Elf:2    | Found a runed translucent gate.
 51219 | Elf:2    | Found a runed translucent gate.
 51867 | Elf:2    | Received a gift from Okawaru
 52041 | Elf:3    | Entered Level 3 of the Elven Halls
 52050 | Elf:3    | Found Gan Ugah's Jewellery Emporium.
 52070 | Elf:3    | Paralysed by an air elemental for 1 turns
 52073 | Elf:3    | Paralysed by an air elemental for 1 turns
 52302 | Elf:3    | Paralysed by an air elemental for 1 turns
 52488 | Elf:3    | Identified the +5 morningstar "Jagaryum" {freeze, MP+9
                  | Int+3}
 52642 | Elf:3    | Paralysed by an air elemental for 1 turns
 52644 | Elf:3    | Received a gift from Okawaru
 52713 | Elf:3    | Found a magical portal.
 52726 | WizLab   | Entered The Chambers of the Cloud Mage
 52754 | WizLab   | Paralysed by an air elemental for 1 turns
 52762 | WizLab   | Paralysed by an air elemental for 1 turns
 52765 | WizLab   | Paralysed by an air elemental for 1 turns
 52854 | WizLab   | Paralysed by an air elemental for 1 turns
 52861 | WizLab   | Paralysed by an air elemental for 1 turns
 52910 | WizLab   | Paralysed by an air elemental for 1 turns
 52915 | WizLab   | Paralysed by an air elemental for 1 turns
 53146 | WizLab   | Paralysed by an air elemental for 1 turns
 53160 | WizLab   | Reached XP level 26. HP: 73/266 MP: 9/29
 53257 | WizLab   | Paralysed by an air elemental for 1 turns
 53295 | WizLab   | Found the ring of Shadows {Umbra +Inv Stlth+}
 53326 | WizLab   | Identified the storm talisman "Enalokhu" {rF++ Str+6 Dex+3}
 53520 | Elf:3    | Found Huvuz's Magic Scroll Shop.
 53538 | Elf:3    | Bought a scroll of enchant weapon for 97 gold pieces
 53538 | Elf:3    | Bought a scroll of fog for 52 gold pieces
 53538 | Elf:3    | Bought a scroll of enchant weapon for 97 gold pieces
 53538 | Elf:3    | Bought a scroll of teleportation for 39 gold pieces
 53599 | Elf:3    | Found a runed translucent gate.
 53600 | Elf:3    | Found a runed translucent gate.
 53601 | Elf:3    | Found a runed translucent gate.
 53603 | Elf:3    | Found an opulent altar of Gozag.
 53604 | Elf:3    | Found Satoe's Assorted Antiques.
 53604 | Elf:3    | Noticed Zuruzy's ghost (journeyman MiBe)
 53605 | Elf:3    | Found Dyloac's Assorted Antiques.
 53618 | Elf:3    | Killed Zuruzy's ghost
 53675 | Elf:3    | Bought a potion of heal wounds for 210 gold pieces
 53675 | Elf:3    | Bought a potion of haste for 420 gold pieces
 53675 | Elf:3    | Bought a scroll of blinking for 315 gold pieces
 53675 | Elf:3    | Bought a potion of curing for 126 gold pieces
 53688 | Elf:3    | Bought a scroll of enchant weapon for 232 gold pieces
 53688 | Elf:3    | Bought a potion of curing for 93 gold pieces
 53688 | Elf:3    | Bought a potion of cancellation for 248 gold pieces
 53956 | Elf:3    | Identified the +9 mace "Qanucw" {flame, rN+ Dex+5 Stlth-}
 53969 | Elf:3    | Identified the +7 hand axe of Honour {flame, rC+ rCorr}
 53988 | Elf:3    | Received a gift from Okawaru
 54500 | Zot:1    | Entered Level 1 of the Realm of Zot
 55752 | Zot:1    | Found the +4 dragonskin cloak {Aegis}
 55752 | Zot:1    | Noticed Tiamat
 55900 | Zot:1    | Killed Tiamat
 56887 | Zot:1    | Noticed an orb of fire
 57494 | Temple   | Fell from the grace of Okawaru
 57494 | Temple   | Became a worshipper of Makhleb the Destroyer
 57897 | Crypt:1  | Entered Level 1 of the Crypt
 57954 | Crypt:1  | Noticed a dread lich
 57973 | Crypt:1  | Killed a dread lich
 57990 | Crypt:1  | Reached * piety under Makhleb
 58331 | Crypt:1  | Reached ** piety under Makhleb
 58854 | Crypt:2  | Reached *** piety under Makhleb
 59288 | Crypt:2  | Got the Textbook on Impurities and Clouds
 59299 | Crypt:2  | Identified the +3 robe "Wuosm" {+Blink rN+ Will++ Str-5}
 59299 | Crypt:2  | Noticed Boris
 59311 | Crypt:2  | Killed Boris
 59600 | Crypt:2  | Identified the +1 leather armour of the Bells {rElec rN++
                  | Dex-2 SInv}
 59816 | Crypt:3  | Entered Level 3 of the Crypt
 59850 | Crypt:3  | Reached **** piety under Makhleb
 60233 | Crypt:3  | Reached XP level 27. HP: 254/273 MP: 29/29
 60236 | Crypt:3  | Noticed a royal mummy
 60248 | Crypt:3  | Killed a royal mummy
 60262 | Crypt:3  | Reached ***** piety under Makhleb
 60616 | Crypt:3  | Found a staircase to the Tomb.
 60832 | Crypt:3  | Identified the staff of the Candelabrum {rPois rF++ Dex-5
                  | SInv Alchemy}
 61003 | Crypt:3  | Identified the +1 falchion "Aniebuzy" {drain, Dex+3}
 61465 | Hell     | Entered the Vestibule of Hell
 61465 | Hell     | Noticed Geryon
 61469 | Hell     | Noticed Murray
 61495 | Depths:1 | Killed Murray
 61616 | Hell     | Reached ****** piety under Makhleb
 61631 | Hell     | Killed Geryon
 61653 | Hell     | Found a gateway to the ashen valley of Gehenna.
 61847 | Hell     | HP: 10/273 [iron golem (26)]
 61848 | Hell     | Shot with an arrow by a deep elf archer

Illustrated notes

Levels and vault maps discovered:
D:1:      dpeg_arrival_oval, layout_basic,
          shapermc_ecumenical_altar_mp_vishouse, nicolae_the_louvre
D:2:      layout_rooms, uniq_robin
D:3:      layout_rooms, serial_bayou_pond_c, dreamdust_princess_corridor
D:4:      layout_loops_cross, mainiacjoe_overflow_concentric_impassable,
          minmay_temple_entry_large_hall
D:5:      layout_basic
D:6:      layout_rooms, okawaru_gym_becter, uniq_prince_ribbit1
D:7:      layout_basic, nicolae_ossuary_entry_false_entrances
D:8:      layout_gridville, nicolae_overflow_hidden_temple, lemuel_doored_altar,
          lair_entry_dummy, kennysheep_generic_room_7
D:9:      layout_cave_pools, mainiacjoe_overflow_brackets
D:10:     layout_cave_pools, amcnicky_altar_gilded, orc_0_dummy, minivault_4,
          uniq_nergalle
D:11:     dragon1_lemuel, layout_cave_pools, nicolae_trove_entry_crossroad,
          eat_drink_and_be_merry_uskayaw
D:12:     layout_roguey, serial_shops, nicolae_shop_drivethru,
          nicolae_shop_real_fake_doors, shop, kennysheep_path_1,
          hangedman_decor_peaks_small, hangedman_decor_clover_reticule
D:13:     minmay_swirls_squares, layout_basic, st_stairs_7
D:14:     layout_irregular_city, david_vaults_2, nicolae_integral_box
D:15:     gammafunk_enter_depths_forms, layout_basic, grunt_decor_mini_mirrors
Temple:   nicolae_temple_elliptical
Lair:1:   layout_roguey, st_stairs_7, grunt_megastairs_1, uniq_fannar
Lair:2:   layout_chaotic_city, shoals_dummy_entry, spider_nest_entry_webs,
          worms_lemuel, grunt_megastairs_2, lemuel_fruit_fields,
          infiniplex_staircase_pool, uniq_gastronok
Lair:3:   layout_layer_cave, uniq_josephine
Lair:4:   gammafunk_boulding_lane, layout_loops_ring, minmay_slime_entry_eyes,
          gammafunk_ghost_ooze, infiniplex_staircase_pool_2
Lair:5:   guppyfry_lair_end_dragon, layout_layer_cave,
          gammafunk_ghost_wrathful_warriors
Shoals:1: cheibrodos_shoals_gigantism, layout_shoals, uniq_mlioglotl
Shoals:2: layout_shoals, ebering_ghost_inner_flame
Shoals:3: layout_shoals, st_shoals_ruin, uniq_jorgrun
Shoals:4: shoals_end_grunt_garden, layout_shoals, nicolae_shoals_this_corrosion
Spider:1: layout_chambers, nicolae_spider_checkerboard
Spider:2: layout_spider_delve
Spider:3: layout_spider_delve, uniq_azrael
Spider:4: spider_rune_water, ebering_ghost_disaster_area, drop_trap
Orc:1:    layout_diamond_mine
Orc:2:    st_orc_congregation, layout_caves, basic_altar
Elf:1:    elf_arrival_001, layout_onion_city, serial_shops,
          nicolae_shop_waterfront, minmay_shop_grove, lemuel_upstairs_altar,
          uniq_louise
Elf:2:    elven_hall_of_blades_hangedman_original
          [nicolae_blade_entry_floor_patterns], layout_loops_cross, minivault_28
Elf:3:    minmay_elf_hall_furrowed, layout_geoelf_octagon, ebering_ghost_gozag,
          infiniplex_enter_wizlab_water, serial_shops, shop_scrolls,
          patterned_corridor, minmay_shop_star
Vaults:1: nicolae_vaults_network_quinsquares
          [nicolae_vaults_network_quincunx_subvault,
          nicolae_vaults_network_quincunx_subvault,
          nicolae_vaults_network_quincunx_subvault,
          nicolae_vaults_network_quincunx_subvault], nicolae_vaults_turnstiles,
          nicolae_vaults_network_periphery, nicolae_vaults_sealed_display,
          nicolae_vaults_storing_the_good_stuff, hangedman_vaults_nails,
          nicolae_vaults_ninety_degrees, nicolae_vaults_tetromino_Z_2,
          nicolae_vaults_little_squares_6, layout_vaults_ring, serial_shops,
          nicolae_shop_tiny_real_fake_doors
Vaults:2: biasface_ghost_orc_armoury, nicolae_vaults_three_branches,
          nicolae_vaults_big_ls, nicolae_vaults_little_squares_6, v_misc_2,
          hangedman_vaults_trim, ontoclasm_vaults_pinch, v_misc_14,
          ontoclasm_vaults_ligature, v_misc_30,
          nicolae_vaults_variable_pillar_hall_cross, ontoclasm_vaults_chip,
          v_misc_25, hangedman_vaults_stretched_pinwheel, v_misc_25,
          layout_vaults_maze_bifur
Vaults:3: nicolae_vaults_offset_grid_hallway_1, v_misc_24,
          nicolae_vaults_network_s, minmay_crypt_entry_simple_walls,
          nicolae_vaults_windows_and_doors_thing, vaults_mumra_lcd,
          st_spiral_rooms, nicolae_vaults_layer_cake_slice,
          nicolae_vaults_layer_cake_slice, nicolae_vaults_double_plus_1,
          layout_vaults_omnigrid, uniq_xtahua
Vaults:4: vaults_room_large_hall, nicolae_vaults_tetromino_Z_1,
          vaults_dpeg_cross, grunt_vaults_funnel, v_misc_25,
          nicolae_vaults_tetromino_L_2, vaults_dpeg_ring,
          nicolae_vaults_triangles, nicolae_vaults_trapezoid_layered,
          nicolae_vaults_trapezoid_lopsided_4, nicolae_vaults_cochlea,
          vaults_standard_mumra_x, nicolae_vaults_tetromino_L_1,
          layout_vaults_big_room, serial_shops, nicolae_lakefront_shop
Vaults:5
Crypt:1:  layout_chaotic_city
Crypt:2:  layout_misc_corridors, weyrava_lich_vault,
          roderic_lattice_octagonal_star
Crypt:3:  due_elkab, layout_chaotic_city, glass_columns_b
Depths:1: layout_gridville, hellmouth_2, nicolae_rejected_hall, uniq_asterion
Depths:2: dpeg_oklob_shooting_range, layout_small_grid,
          pf_hell_entry_tar_spiral, nicolae_hexahallways,
          abyss_entry_small_statue_room, rand_demon_pan_entry_5
Depths:3: minmay_distorted_concentric_squares, layout_cave_shapes, hell_entry,
          serial_rivers, chequers_serial_rivers_small_a,
          chequers_serial_rivers_micro_d, chequers_serial_rivers_large_b,
          chequers_serial_rivers_large_a, chequers_serial_rivers_small_3,
          chequers_serial_rivers_micro_a, corexii_leaking_fountain,
          minmay_room_of_horrors, serial_bayou_shore_b, infiniplex_staircase_x,
          uniq_boris
Depths:4: grunt_twist_and_shout, layout_cave_pools, enter_ziggurat_f,
          nicolae_zig_zag_zippers, hellmouth_1,
          regret_index_abyss_entry_earlier_magic, cheibrodos_ashenzari_chains
Hell
Zot:1:    layout_gridlike, regret_index_zotdec_icy_dp, gammafunk_ghost_cemetery,
          grunt_ministairs_6, uniq_tiamat

Skill      XL: |  1  2  3  4  5  6  7  8  9 10 11 12 13 14 15 16 17 18 19 20 21 22 23 24 25 26 27 |
---------------+----------------------------------------------------------------------------------+-----
Axes           | 4 5 6 7 8 9 12 14 16 19 21 23 24 | 24.0
Armour         | 1 5 7 8 10 12 13 14 16 18 19 20 21 | 21.4
Fighting       | 6 7 8 12 13 15 16 17 18 20 21 23 24 27 | 27.0
Dodging        | 4 5 6 7 9 10 11 12 | 12.0
Invocations    | 5 8 |  8.0
Throwing       | 5 |  5.2
Shapeshifting  | 3 14 16 18 22 23 | 23.0

Action                     |  1- 3 |  4- 6 |  7- 9 | 10-12 | 13-15 | 16-18 | 19-21 | 22-24 | 25-27 || total
---------------------------+-------+-------+-------+-------+-------+-------+-------+-------+-------++-------
  Melee: War axe           |    93 |    64 |       |   341 |   899 |       |       |       |       ||  1397
         Hand axe          |       |   104 |   343 |   263 |       |       |       |       |       ||   710
         Battleaxe         |       |       |       |       |   177 |       |       |       |       ||   177
         Executioner's axe |       |       |       |       |   137 |   902 |   598 |   958 |  1275 ||  3870
  Throw: Stone             |     7 |     9 |     2 |       |       |       |       |       |       ||    18
         Throwing net      |       |     4 |     2 |     1 |       |       |       |       |       ||     7
         Javelin           |       |     2 |       |       |       |       |       |     2 |     1 ||     5
         Boomerang         |       |       |    16 |    25 |   116 |   170 |    30 |   169 |    30 ||   556
 Invoke: Heroism           |       |       |     2 |    14 |     4 |       |     2 |       |       ||    22
         Finesse           |       |       |       |     3 |    11 |    11 |     6 |     6 |     6 ||    43
         Receive Weapon    |       |       |       |       |     1 |       |       |       |       ||     1
         Receive Armour    |       |       |       |       |     1 |       |       |       |       ||     1
Ability: Begin Untransform |       |       |       |       |       |       |       |     1 |       ||     1
  Evoke: Wand              |       |       |    10 |     1 |    17 |       |       |     1 |     2 ||    31
         Tin of tremorston |       |       |       |       |     2 |       |       |       |     1 ||     3
         Phial of floods   |       |       |       |       |       |     1 |       |       |     1 ||     2
    Use: Scroll            |     2 |     8 |     6 |     5 |    11 |     6 |     3 |     7 |    11 ||    59
         Potion            |       |     1 |     3 |     5 |     3 |     3 |     4 |     1 |     2 ||    22
   Stab: Held in net/web   |       |     3 |     2 |     4 |       |       |       |       |       ||     9
         Invisible         |       |       |       |       |     9 |       |       |       |       ||     9
         Confused          |       |       |       |       |       |       |       |       |     1 ||     1
         Distracted        |       |       |       |       |       |       |       |       |     1 ||     1
 Armour: Leather armour    |    73 |    73 |       |       |       |       |       |       |       ||   146
         Chain mail        |       |    57 |   228 |   509 |  1119 |   906 |   662 |   582 |       ||  4063
         Skin              |       |       |     8 |       |       |       |       |       |       ||     8
         Gold dragon scale |       |       |       |       |       |       |       |   589 |  1694 ||  2283
  Dodge: Dodged            |    70 |    99 |   119 |   406 |   849 |   707 |   323 |   594 |   537 ||  3704
  Block: Other             |       |       |       |       |       |   114 |    78 |       |       ||   192
         Reflection        |       |       |       |       |       |    18 |     9 |       |       ||    27
   Form: Death             |       |       |       |       |       |       |       |     1 |     2 ||     3
                           |       |       |       |       |       |       |       |       |     1 ||     1

Table legend: (Time is in decaauts)
 A = Elapsed time spent in this place.
 B = Non-inter-level travel time spent in this place.
 C = Inter-level travel time spent in this place.
 D = Time resting spent in this place.
 E = Time spent auto-exploring this place.
 F = Levels seen in this place.
 G = Mean time per level.
                   A        B        C        D        E       F      G
               +--------+--------+--------+--------+--------+-----+--------+
         Total |  60606 |  53394 |   7212 |   7470 |  32623 |  61 |  993.5 |
       Dungeon |  16675 |  13844 |   2831 |   1639 |   9351 |  15 | 1111.7 |
        Temple |     85 |     41 |     44 |     29 |      0 |   1 |   85.0 |
          Lair |   8820 |   8253 |    567 |    927 |   6073 |   5 | 1764.0 |
        Shoals |   5157 |   4860 |    297 |   1426 |   2005 |   4 | 1289.2 |
   Spider Nest |   4080 |   3518 |    562 |    231 |   2482 |   4 | 1020.0 |
  Orcish Mines |   1943 |   1631 |    312 |    150 |    861 |   2 |  971.5 |
   Elven Halls |   3737 |   3266 |    471 |    147 |   2153 |   3 | 1245.7 |
        Vaults |   8261 |   7445 |    816 |   1313 |   4267 |   5 | 1652.2 |
         Crypt |   3110 |   2852 |    258 |     18 |   1816 |   3 | 1036.7 |
        Depths |   5878 |   4901 |    977 |    891 |   2820 |   4 | 1469.5 |
          Hell |    266 |    266 |      0 |      0 |     95 |   1 |  266.0 |
           Zot |    733 |    663 |     70 |    147 |    228 |   1 |  733.0 |
      Ziggurat |    695 |    695 |      0 |    333 |      0 |  10 |   69.5 |
         Trove |    106 |    106 |      0 |      0 |     81 |   1 |  106.0 |
       Ossuary |    345 |    345 |      0 |    100 |    132 |   1 |  345.0 |
        Wizlab |    710 |    710 |      0 |    118 |    256 |   1 |  710.0 |
               +--------+--------+--------+--------+--------+-----+--------+

Top non-repeatable levels by time:
  Lair:5: 2348 daAuts
  Lair:1: 2240 daAuts
     D:8: 2155 daAuts
Depths:1: 1973 daAuts
Vaults:4: 1960 daAuts
Vaults:3: 1907 daAuts
  Lair:3: 1545 daAuts
Shoals:3: 1534 daAuts
    D:15: 1502 daAuts
Vaults:1: 1475 daAuts
  Lair:2: 1474 daAuts
Vaults:5: 1471 daAuts
Vaults:2: 1446 daAuts
Depths:4: 1426 daAuts
   Elf:3: 1389 daAuts
